 Dungeon Sprint DCSS version 0.20.1-1-g8b1a95d (webtiles) character file.

56044 equalderp2856 the Eviscerator (level 13, -2/65 HPs)
             Began as a Felid Fighter on July 13, 2017.
             Was an Initiate of Gozag.
             Slain by an Executioner (16 damage)
             ... in the Dungeon (Sprint VII: "The Pits") on July 14, 2017.
             The game lasted 00:50:21 (9141 turns).

equalderp2856 the Eviscerator (Felid Fighter)       Turns: 9141, Time: 00:50:22

Health: -2/65      AC:  9    Str: 13    XL:     13   Next: 7%
Magic:  0/14       EV: 40    Int: 15    God:    Gozag
Gold:   165        SH:  0    Dex: 12    Spells: 10/12 levels left
                                        Lives:  0   Deaths: 4

rFire    . . .     SeeInvis +     - Unarmed
rCold    + + .     Gourm    .   (shield unavailable)
rNeg     + + +     Faith    .   (armour unavailable)
rPois    .         Spirit   +   (helmet unavailable)
rElec    +         Reflect  .   (cloak unavailable)
rCorr    .         Harm     .   (gloves unavailable)
MR       +....     NoTele   +   (boots unavailable)
Stlth    +++++++++.             I - amulet "Jokkum" {Spirit rN++ Int+2}
Regen    0.2/turn               N - ring of Qus Voxt {rN+ EV+6}
MPRegen  0.2/turn               M - ring "Jeybadya" {rElec rC+ rN++ AC+6 Dex-4}

@: gold aura, quick
A: no armour, no weapons or thrown items, stealth, claws 1, fangs 3, see
invisible, carnivore 3, speed 1, shaggy fur 3, slow metabolism 1, sharp paws
}: 2/15 runes: silver, iron
a: Potion Petition, Call Merchant, Bribe Branch, Renounce Religion


You were in the Dungeon.
You worshipped Gozag.
Gozag was aware of your devotion.
You were not hungry.

You visited 1 branch You collected 33165 gold pieces.
You paid 33000 gold pieces to Gozag.

Inventory:

Jewellery
 a - a +3 ring of strength
 m - a +3 ring of dexterity
 o - an uncursed ring of protection from magic
 B - the amulet of Divine Intervention {Reflect rPois Dex+3 SH+2}
   (You found it in the Dungeon)

   [amulet of reflection]

   It shields you and reflects attacks.
   It affects your dexterity (+3).
   It protects you from poison.
   It affects your SH (+2).
 C - the amulet of Gaunorgh {Reflect MP+9 Str+3 SH+3 SInv}
   (You found it in the Dungeon)

   [amulet of reflection]

   It shields you and reflects attacks.
   It affects your strength (+3).
   It affects your magic capacity (+9).
   It lets you see invisible.
   It affects your SH (+3).
 D - the amulet of Gyduddu {rC+ Regen+ Stlth+}
   (You found it in the Dungeon)

   [amulet of regeneration]

   It protects you from cold.
   It increases your rate of regeneration.
   It makes you more stealthy.
 E - the amulet "Ebbadup" {Reflect Slay+2 SH+2}
   (You found it in the Dungeon)

   [amulet of reflection]

   It shields you and reflects attacks.
   It affects your accuracy and damage with ranged weapons and melee attacks
   (+2).
   It affects your SH (+2).
 F - the ring of Gewoceh {Slay+5 Stlth+}
   (You found it in the Dungeon)

   [ring of slaying]

   It affects your accuracy and damage with ranged weapons and melee attacks
   (+5).
   It makes you more stealthy.
 G - the amulet of Ikewe {+Rage Int+3 SInv}
   (You found it in the Dungeon)

   [amulet of rage]

   It affects your intelligence (+3).
   It lets you see invisible.
   It lets you go berserk.
 H - the amulet "Osmuocha" {Gourm MR++}
   (You found it in the Dungeon)

   [amulet of the gourmand]

   It allows you to eat raw meat even when not hungry.
   It affects your resistance to hostile enchantments.
 I - the amulet "Jokkum" (around neck) {Spirit rN++ Int+2}
   (You found it in the Dungeon)

   [amulet of guardian spirit]

   It causes incoming damage to be split between your health and magic.
   It affects your intelligence (+2).
   It greatly protects you from negative energy.
 J - the ring "Kinnoe Hyfor" {rPois Int+4}
   (You found it in the Dungeon)

   [ring of poison resistance]

   It affects your intelligence (+4).
   It protects you from poison.
 K - the ring of the Bull {rElec rC+ MR+ Int+2 Slay+2}
   (You found it in the Dungeon)

   [ring of protection from cold]

   It affects your intelligence (+2).
   It affects your accuracy and damage with ranged weapons and melee attacks
   (+2).
   It protects you from cold.
   It insulates you from electricity.
   It affects your resistance to hostile enchantments.
 L - the ring "Dueg" {Str+5 Dex+6}
   (You found it in the Dungeon)

   [ring of dexterity]

   It affects your strength (+5).
   It affects your dexterity (+6).
 M - the ring "Jeybadya" (right paw) {rElec rC+ rN++ AC+6 Dex-4}
   (You found it in the Dungeon)

   [ring of protection]

   It affects your AC (+6).
   It affects your dexterity (-4).
   It protects you from cold.
   It insulates you from electricity.
   It greatly protects you from negative energy.
 N - the ring of Qus Voxt (left paw) {rN+ EV+6}
   (You found it in the Dungeon)

   [ring of evasion]

   It affects your evasion (+6).
   It protects you from negative energy.
 U - the ring of Vusk {rPois MP+9 Dex-5 Slay+2}
   (You found it in the Dungeon)

   [ring of slaying]

   It affects your dexterity (-5).
   It affects your accuracy and damage with ranged weapons and melee attacks
   (+2).
   It protects you from poison.
   It affects your magic capacity (+9).
 X - an uncursed ring of protection from fire
Wands
 e - a wand of iceblast (8/15)
 y - a wand of flame (20/48)
Scrolls
 j - 9 scrolls of remove curse
 k - 5 scrolls of amnesia
 x - a scroll of blinking
 T - 4 scrolls of identify
 V - 3 scrolls of fog
 W - 4 scrolls of recharging
Potions
 c - 9 potions of curing
 f - 4 potions of magic
 z - 18 potions of heal wounds
 A - 6 potions of haste
 P - 5 potions of agility
 R - a potion of might
 S - 6 potions of brilliance
 Y - 2 potions of resistance
 Z - a potion of lignification {unknown}
Books
 d - the Handbook of Fiery Confrontation
   (You found it in the Dungeon)

   Spells                             Type                      Level
   a - Throw Flame                    Conjuration/Fire             2
   b - Stone Arrow                    Conjuration/Earth            3
   c - Iskenderun's Mystic Blast      Conjuration                  4
   d - Iskenderun's Battlesphere      Conjuration/Charms           5
   e - Bolt of Fire                   Conjuration/Fire             6
 g - the Incunabulum of the Disturbing Scars
   (You found it in the Dungeon)

   Spells                             Type                      Level
   a - Swiftness                      Charms/Air                   2
   b - Passwall                       Transmutation/Earth          2
   c - Ice Form                       Ice/Transmutation            4
   d - Freezing Cloud                 Conjuration/Ice/Air          6
   e - Hydra Form                     Transmutation                6
 h - the Disquisition on Earthen Evil Magic
   (You found it in the Dungeon)

   Spells                             Type                      Level
   a - Sandblast                      Earth                        1
   b - Control Undead                 Necromancy                   4
   c - Petrify                        Transmutation/Earth          4
   d - Bolt of Draining               Conjuration/Necromancy       5
   e - Death Channel                  Necromancy                   6
 i - a book of Death

   Spells                             Type                      Level
   a - Corpse Rot                     Necromancy                   2
   b - Sublimation of Blood           Necromancy                   2
   c - Agony                          Necromancy                   5
   d - Dispel Undead                  Necromancy                   5
   e - Excruciating Wounds            Charms/Necromancy            5
   f - Bolt of Draining               Conjuration/Necromancy       5
 l - a book of Enchantments

   Spells                             Type                      Level
   a - Cause Fear                     Hexes                        4
   b - Yara's Violent Unravelling     Hexes/Transmutation          5
   c - Silence                        Hexes/Air                    5
   d - Deflect Missiles               Charms/Air                   6
   e - Discord                        Hexes                        8
 n - a book of Minor Magic

   Spells                             Type                      Level
   a - Magic Dart                     Conjuration                  1
   b - Blink                          Translocation                2
   c - Call Imp                       Summoning                    2
   d - Slow                           Hexes                        2
   e - Conjure Flame                  Conjuration/Fire             3
   f - Mephitic Cloud                 Conjuration/Poison/Air       3
 p - a book of Battle

   Spells                             Type                      Level
   a - Infusion                       Charms                       1
   b - Shroud of Golubria             Charms/Translocation         2
   c - Song of Slaying                Charms                       2
   d - Spectral Weapon                Hexes/Charms                 3
   e - Regeneration                   Charms/Necromancy            3
 q - a book of Debilitation

   Spells                             Type                      Level
   a - Corona                         Hexes                        1
   b - Slow                           Hexes                        2
   c - Inner Flame                    Hexes/Fire                   3
   d - Portal Projectile              Hexes/Translocation          3
   e - Cause Fear                     Hexes                        4
   f - Leda's Liquefaction            Hexes/Earth                  4
 r - the Almanac of Destiny
   (You found it in the Dungeon)

   Spells                             Type                      Level
   a - Shock                          Conjuration/Air              1
   b - Swiftness                      Charms/Air                   2
   c - Throw Icicle                   Conjuration/Ice              4
   d - Lightning Bolt                 Conjuration/Air              5
   e - Bolt of Cold                   Conjuration/Ice              6
 s - a book of Death

   Spells                             Type                      Level
   a - Corpse Rot                     Necromancy                   2
   b - Sublimation of Blood           Necromancy                   2
   c - Agony                          Necromancy                   5
   d - Dispel Undead                  Necromancy                   5
   e - Excruciating Wounds            Charms/Necromancy            5
   f - Bolt of Draining               Conjuration/Necromancy       5
 t - the Guide on the Blistering Escort
   (You found it in the Dungeon)

   Spells                             Type                      Level
   a - Call Imp                       Summoning                    2
   b - Summon Guardian Golem          Hexes/Summoning              3
   c - Call Canine Familiar           Summoning                    3
   d - Summon Ice Beast               Ice/Summoning                4
   e - Ignition                       Fire                         8
 u - the Tome of Sinister Magic
   (You found it in the Dungeon)

   Spells                             Type                      Level
   a - Animate Skeleton               Necromancy                   1
   b - Pain                           Necromancy                   1
   c - Corpse Rot                     Necromancy                   2
   d - Vampiric Draining              Necromancy                   3
   e - Cigotuvi's Embrace             Necromancy                   5
 v - a book of Spatial Translocations

   Spells                             Type                      Level
   a - Blink                          Translocation                2
   b - Shroud of Golubria             Charms/Translocation         2
   c - Lesser Beckoning               Translocation                3
   d - Gell's Gravitas                Translocation                3
   e - Teleport Other                 Translocation                3
   f - Passage of Golubria            Translocation                4
 w - a Fen Folio

   Spells                             Type                      Level
   a - Corpse Rot                     Necromancy                   2
   b - Stone Arrow                    Conjuration/Earth            3
   c - Leda's Liquefaction            Hexes/Earth                  4
   d - Summon Forest                  Summoning/Translocation      5
   e - Hydra Form                     Transmutation                6
   f - Summon Hydra                   Summoning                    7
 Q - the Disquisition on the Snowflakes and Clay
   (You found it in the Dungeon)

   Spells                             Type                      Level
   a - Sandblast                      Earth                        1
   b - Passwall                       Transmutation/Earth          2
   c - Stone Arrow                    Conjuration/Earth            3
   d - Throw Icicle                   Conjuration/Ice              4
   e - Leda's Liquefaction            Hexes/Earth                  4
Comestibles
 b - 8 meat rations
 O - 7 royal jellies


   Skills:
 + Level 12.5 Fighting
 + Level 25.0 Dodging
 + Level 25.6 Stealth
 + Level 26.0 Unarmed Combat


You had 10 spell levels left.
You knew the following spells:

 Your Spells              Type           Power        Failure   Level  Hunger
a - Blink                 Tloc           N/A          38%         2    ###....


Dungeon Overview and Level Annotations

Branches:
Dungeon (1/1)

Altars:
Ashenzari
Cheibriados
Dithmenos
Elyvilon
Fedhas
Gozag
Hepliaklqana
Kikubaaqudgha
Makhleb
Nemelex Xobeh
Okawaru
Qazlal
Ru
Sif Muna
Trog
Uskayaw
Vehumet
Xom
Yredelemnul
Zin
The Shining One
Beogh
Jiyva
Lugonu

Annotations:
D Antaeus, Mennas, Tiamat


Innate Abilities, Weirdness & Mutations

You cannot wear armour.
You are incapable of wielding weapons or throwing items.
Your paws allow you to move quietly. (Stealth)
You have sharp claws.
You have razor-sharp teeth.
You have supernaturally acute eyesight. (SInv)
You are carnivorous and can eat meat at any time.
You cover ground quickly.
Your thick and shaggy fur keeps you warm. (AC +3, rC+)
You have a slow metabolism.
Your sharp claws are effective at attacking unaware monsters.


Message History

The Executioner gestures at you.
You easily resist.
The orb of fire is no longer distracted by gold.
The Executioner completely misses you. x2
The Executioner hits you but does no damage.
The purple draconian is distracted by the nearby gold.
Toemonu calls on the powers of darkness!
The purple draconian convulses!
The purple draconian roars!
Your body is wracked with pain!
* * * LOW HITPOINT WARNING * * *
The orc warlord convulses!
The green draconian convulses!
The Executioner completely misses you. The Executioner misses you.
The Executioner completely misses you.
There is an open door here.
The orc warlord is no longer distracted by gold.
The purple draconian is no longer distracted by gold.
The Executioner hits you!
You die...
Your body crumbles into a pile of gold. #..........## CC$CCCCCCC $ ............## CC[CCCC $ .............# CCCC

.............# #######C######
.............# ........$.....
§.§..........# ......(.......
.§.§.......(.# ##############
.§.q§.[......# ### ## ## ##
.§..§........# #@###.###.###.####
..§.&§.......####1.o##1'##.'##<<<
..§§&§.......##&*...*dC$$$.$'=<==
...§§§......######*###d###.##"<.=
#..........## #'# #'# ####"<<<
##........## #C# #.# ##<=<
####++####


De& ..1 #### #####++#### #.# #d# ..........### ### #d# You could see Antaeus,
Yxkaosopp, 2 orbs of fire, a titan, a green draconian, a purple draconian, an
Executioner and a neutral orc warlord.

Vanquished Creatures
  An electric golem (D)
  A death cob (D)
  A deep elf master archer (D)
  An acid blob (D)
  A shadow dragon (D)
  A storm dragon (D)
  A green death (D)
  Erolcha (D)
  A hell beast (D)
  An anaconda (D)
  A catoblepas (D)
  A fire crab (D)
  A sixfirhy (D)
  A hell knight (D)
  A deep troll (D)
  2 deep elf magi (D)
  An orange demon (D)
  3 gargoyles (D)
  2 demonic crawlers (D)
  A komodo dragon (D)
  A tyrant leech (D)
  An air elemental (D)
  2 wyverns (D)
  A tarantella (D)
  A steam dragon (D)
  4 vampire mosquitoes (D)
  2 porcupines (D)
  A swamp drake (D)
  A black bear (D)
  An eye of draining (D)
  2 necrophages (D)
  6 wolves (D)
  2 big kobolds (D)
  A gnoll shaman (D)
  A quasit (D)
  2 orc priests (D)
  A jelly (D)
  An orc wizard (D)
  A worker ant (D)
  2 mummies (D)
  A river rat (D)
  An ufetubus (D)
  An ooze (D)
  A worm (D)
  A leopard gecko (D)
  An orc (D)
  A hobgoblin (D)
  3 jackals (D)
  A quokka (D)
  2 ball pythons (D)
  2 frilled lizards (D)
  2 leopard gecko zombies (D)
75 creatures vanquished.

Vanquished Creatures (collateral kills)
  Asmodeus (D)
  2 pandemonium lords (D)
  the Lernaean hydra (D)
  Jory (D)
  A profane servitor (D)
  A bone dragon (D)
  A Brimstone Fiend (D)
  2 electric golems (D)
  An Ice Fiend (D)
  3 Orb Guardians (D)
  A titan (D)
  Agnes (D)
  3 shadow dragons (D)
  2 fire giants (D)
  A nagaraja (D)
  A daeva (D)
  2 ghost moths (D)
  An orc warlord (D)
  An iron dragon (D)
  A draconian knight (D)
  2 angels (D)
  A draconian stormcaller (D)
  A stone giant (D)
  A green draconian (D)
  A yellow draconian (D)
  A dire elephant (D)
  2 deep elf death magi (D)
  An ettin (D)
  An eidolon (D)
  2 mummy priests (D)
  A naga warrior (D)
  2 green deaths (D)
  An alligator snapping turtle (D)
  An ice dragon (D)
  A catoblepas (D)
  2 two-headed ogres (D)
  A death yak (D)
  2 hell hogs (D)
  A dancing weapon (D)
  An orc high priest (D)
  A soul eater (D)
  2 spriggan berserkers (D)
  6 hell knights (D)
  3 deep trolls (D)
  4 orc knights (D)
  A wolf spider (D)
  A wolf spider (shapeshifter) (D)
  3 cyclopes (D)
  A rime drake (D)
  3 hellions (D)
  4 yaktaurs (D)
  A freezing wraith (D)
  4 trolls (D)
  A wind drake (D)
  A tyrant leech (D)
  A polar bear (D)
  A jumping spider (D)
  5 dream sheep (D)
  A vampire (D)
  A spriggan (D)
  A large abomination (D)
  A golden eye (D)
  A chaos spawn (D)
  2 wargs (D)
  2 insubstantial wisps (D)
  A soldier ant (shapeshifter) (D)
  A hell hound (D)
  A soldier ant (D)
  A sky beast (D)
  An orc warrior (D)
  An eye of draining (D)
  6 ogres (D)
  A wolf (shapeshifter) (D)
  A centaur (D)
  A crocodile (D)
  An orc priest (D)
  A river rat (D)
  An adder simulacrum (D)
  3 orcs (D)
  A leopard gecko simulacrum (D)
128 creatures vanquished.

Vanquished Creatures (others)
  4 pandemonium lords (D)
  Dissolution (D)
  Mara (D)
  An ancient lich (D)
  2 greater mummies (D)
  Frederick (D)
  Boris (D)
  Margery (D)
  2 curse toes (D)
  A Killer Klown (D)
  Xtahua (D)
  Nikola (D)
  A profane servitor (D)
  A pearl dragon (D)
  2 electric golems (D)
  A Tzitzimitl (D)
  4 Brimstone Fiends (D)
  3 liches (D)
  An Ice Fiend (D)
  16 Orb Guardians (D)
  A quicksilver dragon (D)
  9 titans (D)
  2 deep elf master archers (D)
  Murray (D)
  3 deep elf blademasters (D)
  A sphinx (D)
  An Executioner (D)
  3 draconian monks (D)
  2 storm dragons (D)
  2 shadow dragons (D)
  A nagaraja (D)
  A daeva (D)
  5 fire giants (D)
  2 balrugs (D)
  A draconian scorcher (D)
  2 draconian knights (D)
  5 frost giants (D)
  3 deep elf sorcerers (D)
  An angel (D)
  An orc warlord (D)
  Louise (D)
  A spriggan defender (D)
  A draconian stormcaller (D)
  2 reapers (D)
  8 stone giants (D)
  A draconian shifter (D)
  3 draconian annihilators (D)
  A war gargoyle (D)
  An ophan (D)
  2 vampire knights (D)
  A deep elf demonologist (D)
  A black draconian (D)
  2 green draconians (D)
  Azrael (D)
  A dire elephant (D)
  A white draconian (D)
  2 red draconians (D)
  A lorocyproca (D)
  A purple draconian (D)
  A yellow draconian (D)
  A deep elf death mage (D)
  6 ettins (D)
  3 green deaths (D)
  A blizzard demon (D)
  An eidolon (D)
  A death ooze (D)
  2 mummy priests (D)
  4 ogre magi (D)
  A merfolk impaler (D)
  2 yaktaur captains (D)
  A fire dragon (D)
  4 naga warriors (D)
  4 ice dragons (D)
  A hell beast (D)
  A hydra (D)
  2 vault guards (D)
  A merfolk avatar (D)
  A two-headed ogre (D)
  2 death knights (D)
  A dancing weapon (D)
  4 hell hogs (D)
  3 deep elf knights (D)
  A soul eater (D)
  3 vampire magi (D)
  An orc high priest (D)
  A sun demon (D)
  A fire crab (D)
  3 skeletal warriors (D)
  2 hell knights (D)
  A salamander mystic (D)
  A cherub (D)
  A spriggan druid (D)
  8 deep trolls (D)
  4 cyclopes (D)
  2 deep elf archers (D)
  7 orc knights (D)
  A wizard (D)
  An ugly thing (D)
  4 deep elf magi (D)
  2 yaktaurs (D)
  5 elephants (D)
  A guardian serpent (D)
  A rust devil (D)
  3 merfolk (D)
  An ice devil (D)
  A polar bear (D)
  5 red devils (D)
  6 trolls (D)
  A hellwing (D)
  A tarantella (D)
  A wyvern (D)
  Eustachio (D)
  4 insubstantial wisps (D)
  A soldier ant (shapeshifter) (D)
  A naga (D)
  A floating eye (D)
  A hell hound (D)
  3 orc warriors (D)
  6 ogres (D)
  A wolf (shapeshifter) (D)
  An orc priest (D)
  An adder skeleton (D)
  2 orcs (D)
  A hobgoblin (D)
  A quokka zombie (D)
268 creatures vanquished.

Grand Total: 471 creatures vanquished

Notes
Turn   | Place    | Note
-------+----------+-------------------------------------------
     0 | D        | equalderp2856 the Felid Fighter began the quest for the Orb.
     0 | D        | Reached XP level 1. HP: 10/10 MP: 2/2
   161 | D        | Found a bloodstained altar of Trog.
   161 | D        | Found a deep blue altar of Sif Muna.
   161 | D        | Found a viscous altar of Jiyva.
   161 | D        | Found a hazy altar of Hepliaklqana.
   161 | D        | Found an opulent altar of Gozag.
   271 | D        | Found a glowing golden altar of the Shining One.
   271 | D        | Found a glowing silver altar of Zin.
   271 | D        | Found a basalt altar of Yredelemnul.
   271 | D        | Found a shimmering altar of Xom.
   271 | D        | Found a sacrificial altar of Ru.
   271 | D        | Found a stormy altar of Qazlal.
   271 | D        | Found an iron altar of Okawaru.
   271 | D        | Found a sparkling altar of Nemelex Xobeh.
   271 | D        | Found a burning altar of Makhleb.
   271 | D        | Found a blossoming altar of Fedhas.
   271 | D        | Found a white marble altar of Elyvilon.
   271 | D        | Found a shadowy altar of Dithmenos.
   271 | D        | Found a snail-covered altar of Cheibriados.
   273 | D        | Found a radiant altar of Vehumet.
   273 | D        | Found a corrupted altar of Lugonu.
   273 | D        | Found a roughly hewn altar of Beogh.
   274 | D        | Found a hide-covered altar of Uskayaw.
   274 | D        | Found an ancient bone altar of Kikubaaqudgha.
   274 | D        | Found a shattered altar of Ashenzari.
   278 | D        | Became a worshipper of Gozag Ym Sagoz the Greedy
   319 | D        | Reached skill level 5 in Unarmed Combat
   490 | D        | Reached XP level 2. HP: 14/14 MP: 3/3
   531 | D        | Reached skill level 5 in Dodging
   531 | D        | Reached skill level 6 in Unarmed Combat
   531 | D        | Reached XP level 3. HP: 14/18 MP: 4/4
   670 | D        | Noticed a wolf
   679 | D        | Killed a wolf
   679 | D        | Reached skill level 5 in Fighting
   679 | D        | Reached skill level 1 in Stealth
   679 | D        | Reached skill level 8 in Unarmed Combat
   679 | D        | Reached XP level 4. HP: 17/23 MP: 5/5
   693 | D        | Noticed a porcupine
   697 | D        | Reached XP level 5. HP: 20/26 MP: 6/6
   768 | D        | Noticed a black bear
   773 | D        | Killed a porcupine
   773 | D        | Reached skill level 10 in Unarmed Combat
   776 | D        | Killed a black bear
   776 | D        | Gained mutation: You are covered in thick fur. (AC +2) [Felid growth]
   776 | D        | Reached XP level 6. HP: 23/31 MP: 7/7
   798 | D        | Noticed a porcupine
   800 | D        | Killed a porcupine
   800 | D        | Reached skill level 11 in Unarmed Combat
   819 | D        | Reached skill level 12 in Unarmed Combat
   819 | D        | Reached XP level 7. HP: 32/36 MP: 8/8
   857 | D        | Noticed a gargoyle
   862 | D        | Reached skill level 5 in Stealth
   872 | D        | Killed a gargoyle
   872 | D        | Reached skill level 10 in Dodging
   872 | D        | Reached skill level 13 in Unarmed Combat
  1126 | D        | Noticed a steam dragon
  1129 | D        | Reached XP level 8. HP: 40/40 MP: 9/9
  1148 | D        | Noticed an orange demon
  1148 | D        | Noticed Erolcha
  1151 | D        | Reached skill level 14 in Unarmed Combat
  1165 | D        | Killed Erolcha
  1165 | D        | Reached skill level 15 in Unarmed Combat
  1165 | D        | Reached XP level 9. HP: 36/44 MP: 10/10
  1167 | D        | Killed an orange demon
  1202 | D        | Noticed a gargoyle
  1212 | D        | Reached skill level 10 in Stealth
  1216 | D        | Reached skill level 16 in Unarmed Combat
  1218 | D        | Killed a gargoyle
  1449 | D        | Noticed a death yak
  1449 | D        | Noticed a demonic crawler
  1449 | D        | Noticed a demonic crawler
  1457 | D        | Killed a demonic crawler
  1595 | D        | Reached skill level 17 in Unarmed Combat
  1595 | D        | Reached XP level 10. HP: 49/49 MP: 11/11
  1644 | D        | Noticed a gargoyle
  1655 | D        | Killed a gargoyle
  1787 | D        | Noticed a deep elf knight
  1787 | D        | Noticed a deep elf archer
  1787 | D        | Noticed a deep elf mage
  1799 | D        | Noticed a deep elf mage
  1799 | D        | Noticed a deep elf archer
  1799 | D        | Noticed a deep elf mage
  2182 | D        | Killed a deep elf mage
  2201 | D        | Noticed a sixfirhy
  2352 | D        | Noticed a cyclops
  2381 | D        | Killed a cyclops
  2629 | D        | Noticed a deep troll
  2631 | D        | Noticed a catoblepas
  2636 | D        | Killed a deep troll
  2661 | D        | Killed a catoblepas
  2661 | D        | Reached skill level 18 in Unarmed Combat
  2730 | D        | Reached skill level 15 in Dodging
  2756 | D        | Noticed a hell hog
  2756 | D        | Noticed a hell hog
  2757 | D        | Noticed a hell hog
  2764 | D        | HP: 1/49 [hell hog (19)]
  2766 | D        | Killed from afar by a hell hog
  2767 | D        | Reached XP level 9. HP: -12/45 MP: 10/10
  2768 | D        | Noticed a naga warrior
  2768 | D        | Noticed Frances
  2768 | D        | Noticed a deep elf blademaster
  2768 | D        | Noticed a deep elf mage
  2768 | D        | Noticed a naga warrior
  2769 | D        | Noticed an orc knight
  2771 | D        | Noticed a yaktaur
  2771 | D        | Noticed a yaktaur
  2771 | D        | Noticed a yaktaur
  2772 | D        | Noticed an orc knight
  2772 | D        | Noticed an orc knight
  2772 | D        | Noticed an orc knight
  2773 | D        | Noticed a vampire knight
  2774 | D        | Noticed an orc knight
  2774 | D        | Noticed an orc warlord
  2774 | D        | Killed a deep elf mage
  2775 | D        | Noticed an orc knight
  2775 | D        | Noticed an orc knight
  2775 | D        | Noticed an orc warlord
  2775 | D        | Noticed a yaktaur captain
  2776 | D        | Noticed an orc knight
  2777 | D        | Killed an orc knight
  2778 | D        | Killed an orc knight
  2778 | D        | Killed an orc knight
  2778 | D        | Killed an orc knight
  2780 | D        | Killed an orc knight
  2782 | D        | Killed a vampire knight
  2782 | D        | Reached XP level 10. HP: 24/49 MP: 11/11
  2790 | D        | Killed an orc knight
  2828 | D        | Killed a yaktaur captain
  2832 | D        | Killed an orc knight
  2839 | D        | Killed a hell hog
  2867 | D        | Killed an orc knight
  2883 | D        | Killed a naga warrior
  2886 | D        | Noticed a deep elf knight
  2897 | D        | Noticed a vault guard
  2898 | D        | Banished Frances
  2904 | D        | Killed a deep elf sorcerer
  2911 | D        | Noticed a catoblepas
  2953 | D        | Killed a catoblepas
  3103 | D        | Killed a yaktaur captain
  3104 | D        | Killed a hell hog
  3122 | D        | Killed a hell hog
  3302 | D        | Noticed a deep elf demonologist
  3305 | D        | Noticed a vampire mage
  3307 | D        | Noticed an ogre mage
  3308 | D        | Noticed a deep elf death mage
  3309 | D        | Noticed an ogre mage
  3309 | D        | Noticed a red draconian
  3309 | D        | Noticed a green draconian stormcaller
  3309 | D        | Noticed a deep elf death mage
  3310 | D        | Noticed a green draconian
  3311 | D        | Noticed a vampire mage
  3311 | D        | Noticed a red draconian
  3312 | D        | Noticed a deep elf death mage
  3313 | D        | Noticed a lich
  3317 | D        | Noticed a white draconian
  3323 | D        | Killed Eustachio
  3326 | D        | Killed a red draconian
  3333 | D        | Killed a vampire mage
  3333 | D        | Killed an ogre mage
  3334 | D        | Killed an ice dragon
  3336 | D        | Killed a deep elf death mage
  3343 | D        | Noticed a nagaraja
  3344 | D        | Noticed a green draconian knight
  3345 | D        | Killed a deep elf demonologist
  3347 | D        | Noticed a green death
  3351 | D        | Killed a ghostly deep elf demonologist
  3353 | D        | Killed a black draconian scorcher
  3355 | D        | Noticed a white draconian annihilator
  3356 | D        | Killed a green draconian knight
  3356 | D        | Killed a deep elf death mage
  3359 | D        | Killed a ghostly black draconian scorcher
  3359 | D        | Killed a nagaraja
  3360 | D        | Killed a deep elf death mage
  3361 | D        | Killed a ghostly deep elf death mage
  3366 | D        | Noticed a rust devil
  3366 | D        | Killed a green death
  3369 | D        | Noticed a fire giant
  3382 | D        | Noticed an ancient lich
  3384 | D        | Noticed a daeva
  3432 | D        | Identified the Handbook of Fiery Confrontation (You found it in the Dungeon)
  3437 | D        | Identified the Incunabulum of the Disturbing Scars (You found it in the Dungeon)
  3439 | D        | Identified the Disquisition on Earthen Evil Magic (You found it in the Dungeon)
  3461 | D        | Identified the Almanac of Destiny (You found it in the Dungeon)
  3471 | D        | Identified the Guide on the Blistering Escort (You found it in the Dungeon)
  3476 | D        | Identified the Tome of Sinister Magic (You found it in the Dungeon)
  3574 | D        | Got the amulet of Divine Intervention {Reflect rPois Dex+3 SH+2}
  3577 | D        | Got the amulet of Gaunorgh {Reflect MP+9 Str+3 SH+3 SInv}
  3579 | D        | Got the amulet of Gyduddu {rC+ Regen+ Stlth+}
  3581 | D        | Got the amulet "Ebbadup" {Reflect Slay+2 SH+2}
  3583 | D        | Got the ring of Gewoceh {Slay+5 Stlth+}
  3585 | D        | Got the amulet of Ikewe {+Rage Int+3 SInv}
  3587 | D        | Got the amulet "Osmuocha" {Gourm MR++}
  3589 | D        | Got the amulet "Jokkum" {Spirit rN++ Int+2}
  3601 | D        | Got the ring "Kinnoe Hyfor" {rPois Int+4}
  3605 | D        | Got the ring of the Bull {rElec rC+ MR+ Int+2 Slay+2}
  3607 | D        | Got the ring "Dueg" {Str+5 Dex+6}
  3609 | D        | Got the ring "Jeybadya" {rElec rC+ rN++ AC+6 Dex-4}
  3611 | D        | Got the ring of Qus Voxt {rN+ EV+6}
  3699 | D        | Noticed a green death
  3702 | D        | Noticed a shadow dragon
  3710 | D        | Killed a shadow dragon
  3710 | D        | Reached skill level 15 in Stealth
  3751 | D        | Noticed a yellow draconian
  3754 | D        | Noticed a curse toe
  3757 | D        | Noticed a shadow dragon
  3770 | D        | Killed a shadow dragon
  3770 | D        | Reached skill level 19 in Unarmed Combat
  3787 | D        | Noticed Mara
  3787 | D        | Noticed a spriggan berserker
  3787 | D        | Noticed a Brimstone Fiend
  3787 | D        | Noticed an alligator snapping turtle
  3787 | D        | Noticed a storm dragon
  3787 | D        | Noticed an Ice Fiend
  3787 | D        | Noticed a bone dragon
  3787 | D        | Noticed a death ooze
  3788 | D        | Killed an Ice Fiend
  3789 | D        | Killed a storm dragon
  3790 | D        | Noticed a deathcap
  3790 | D        | Noticed a deathcap
  3792 | D        | Killed a death ooze
  3793 | D        | Killed a spriggan berserker
  3793 | D        | Reached XP level 11. HP: 38/54 MP: 12/12
  3794 | D        | Killed an alligator snapping turtle
  3801 | D        | Killed a curse toe
  3804 | D        | Killed a yellow draconian
  3815 | D        | Reached skill level 10 in Fighting
  3818 | D        | Killed a bone dragon
  3825 | D        | Killed a deep elf blademaster
  3951 | D        | Noticed a deep elf sorcerer
  3951 | D        | Noticed a fire dragon
  3952 | D        | Noticed a green draconian
  3952 | D        | Noticed Azrael
  3959 | D        | Killed a fire dragon
  4017 | D        | Noticed a sixfirhy
  4017 | D        | Noticed a mummy priest
  4019 | D        | Killed a sixfirhy
  4021 | D        | Noticed an orc high priest
  4039 | D        | Killed a profane servitor
  4039 | D        | Reached skill level 20 in Unarmed Combat
  4047 | D        | Killed a mummy priest
  4048 | D        | Killed an orc high priest
  4053 | D        | Killed Agnes
  4060 | D        | Killed an eidolon
  4065 | D        | Killed a merfolk avatar
  4075 | D        | Killed a deep elf mage
  4113 | D        | Killed from afar by a wind drake
  4114 | D        | Reached XP level 10. HP: -4/51 MP: 11/11
  4120 | D        | Killed a death yak
  4175 | D        | Killed a deep elf knight
  4197 | D        | Killed a deep elf archer
  4207 | D        | Killed a deep elf mage
  4224 | D        | Noticed a yellow draconian
  4526 | D        | Reached XP level 11. HP: 55/55 MP: 12/12
  4554 | D        | Noticed a sun demon
  4559 | D        | Noticed a sixfirhy
  4564 | D        | Noticed an orc high priest
  4568 | D        | Killed an orc high priest
  4591 | D        | Noticed an orc knight
  4602 | D        | Killed an orc knight
  4718 | D        | Got the ring of Vusk {rPois MP+9 Dex-5 Slay+2}
  4851 | D        | Noticed a war gargoyle
  4852 | D        | Noticed a black draconian monk
  4852 | D        | Noticed a shadow dragon
  4852 | D        | Noticed a deep elf sorcerer
  4852 | D        | Noticed a nagaraja
  4852 | D        | Noticed an ice dragon
  4853 | D        | Noticed a sphinx
  4855 | D        | Killed a deep elf sorcerer
  4860 | D        | Killed a war gargoyle
  4860 | D        | Killed a black draconian monk
  4870 | D        | Noticed a hell hog
  4874 | D        | Killed a sphinx
  4876 | D        | Killed an ice dragon
  4878 | D        | Killed a naga warrior
  4881 | D        | Noticed an ice dragon
  4885 | D        | Killed a shadow dragon
  4886 | D        | Killed a hell hog
  4887 | D        | Killed a yellow draconian
  4889 | D        | Killed an ice dragon
  4894 | D        | Killed a green draconian
  4937 | D        | Killed a yaktaur
  5097 | D        | Noticed a hell knight
  5098 | D        | Noticed a hell knight
  5098 | D        | Noticed a hell knight
  5098 | D        | Noticed a hell knight
  5099 | D        | Noticed a hell knight
  5105 | D        | Killed a hell knight
  5109 | D        | Killed a hell knight
  5110 | D        | Noticed Jory
  5110 | D        | Killed a hell knight
  5113 | D        | Killed a hell knight
  5113 | D        | Reached skill level 21 in Unarmed Combat
  5113 | D        | Killed a hell knight
  5121 | D        | Killed Jory
  5126 | D        | Noticed a hell knight
  5136 | D        | Killed a hell knight
  5139 | D        | Noticed an angel
  5145 | D        | Killed an angel
  5159 | D        | Killed a daeva
  5166 | D        | Noticed a wolf spider
  5172 | D        | Noticed a daeva
  5187 | D        | Killed from afar by a daeva
  5188 | D        | Reached XP level 10. HP: -5/52 MP: 0/11
  5217 | D        | Your ally died
  5247 | D        | Noticed a hell beast
  5261 | D        | Killed a hell beast
  5274 | D        | Killed a deep elf archer
  5328 | D        | Killed Azrael
  5380 | D        | Noticed a death knight
  5400 | D        | Killed a wolf spider
  5400 | D        | Reached XP level 11. HP: 55/55 MP: 12/12
  5411 | D        | Noticed a curse toe
  5411 | D        | Noticed a hell hog
  5413 | D        | Noticed a shadow dragon
  5413 | D        | Noticed a purple draconian stormcaller
  5413 | D        | Noticed a mummy priest
  5414 | D        | Noticed a storm dragon
  5414 | D        | Noticed a balrug
  5414 | D        | Noticed a dire flail of protection
  5414 | D        | Noticed a dire elephant
  5415 | D        | Noticed a pearl dragon
  5415 | D        | Noticed a hell hog
  5415 | D        | Noticed Nikola
  5420 | D        | Killed a dire flail of protection
  5420 | D        | Killed a dire elephant
  5421 | D        | Noticed a deathcap
  5422 | D        | Killed a reaper
  5428 | D        | Killed a shadow dragon
  5429 | D        | Killed a fire giant
  5431 | D        | Killed a mummy priest
  5432 | D        | Killed a balrug
  5439 | D        | Killed Nikola
  5439 | D        | Killed a purple draconian stormcaller
  5439 | D        | Killed a hell hog
  5446 | D        | Killed a hell hog
  5448 | D        | Killed a reaper
  5466 | D        | Killed a green death
  5532 | D        | Killed a ghostly deep elf death mage
  5596 | D        | Killed a curse toe
  5657 | D        | Noticed a yellow draconian annihilator
  5676 | D        | Noticed a deep elf mage
  5677 | D        | Noticed a green draconian
  5677 | D        | Noticed a fire giant
  5679 | D        | Noticed an ophan
  5681 | D        | Killed a deep elf mage
  5686 | D        | Noticed a mummy priest
  5688 | D        | Noticed a shadow dragon
  5688 | D        | Noticed a ghost moth
  5698 | D        | Killed a ghost moth
  5708 | D        | Killed a shadow dragon
  5715 | D        | Killed a mummy priest
  5729 | D        | Noticed a vault guard
  5793 | D        | Noticed a deep elf blademaster
  5807 | D        | Noticed a dire elephant
  5807 | D        | Noticed a glaive of freezing
  5809 | D        | Noticed Louise
  5810 | D        | Killed a green draconian
  5817 | D        | Noticed a soul eater
  5823 | D        | Killed a dire elephant
  5835 | D        | Killed a nagaraja
  5843 | D        | Killed a soul eater
  5847 | D        | Killed a glaive of freezing
  6027 | D        | Killed a yellow draconian annihilator
  6206 | D        | Learned a level 2 spell: Blink
  6272 | D        | Your ally died
  6378 | D        | Noticed a wizard
  6378 | D        | Noticed a green ugly thing
  6378 | D        | Noticed an eidolon
  6381 | D        | Noticed an ice dragon
  6382 | D        | Noticed a four-headed hydra
  6384 | D        | Noticed an angel
  6388 | D        | Noticed a naga warrior
  6389 | D        | Killed an ice dragon
  6392 | D        | Noticed a salamander mystic
  6392 | D        | Killed a four-headed hydra
  6394 | D        | Noticed a naga warrior
  6397 | D        | Killed a green ugly thing
  6400 | D        | Noticed an ice dragon
  6400 | D        | Noticed an anaconda
  6414 | D        | Killed an angel
  6563 | D        | Noticed an iron dragon
  6563 | D        | Noticed a fire crab
  6563 | D        | Noticed a deep elf mage
  6743 | D        | Killed an anaconda
  6764 | D        | Noticed a vampire mage
  6767 | D        | Killed a fire crab
  6767 | D        | Reached skill level 22 in Unarmed Combat
  6954 | D        | Killed a deep elf mage
  6965 | D        | Noticed a vampire knight
  6985 | D        | Noticed a soul eater
  6992 | D        | Noticed a deep elf blademaster
  6994 | D        | Noticed a fire crab
  6994 | D        | Noticed a death cob
  6994 | D        | Noticed a skeletal warrior
  6994 | D        | Noticed a skeletal warrior
  6994 | D        | Noticed a skeletal warrior
  6997 | D        | Killed a fire crab
  7011 | D        | Killed a spriggan druid
  7013 | D        | Killed a skeletal warrior
  7016 | D        | Killed a skeletal warrior
  7017 | D        | Killed a death cob
  7026 | D        | Killed a vampire knight
  7029 | D        | Killed a skeletal warrior
  7031 | D        | Identified the Disquisition on the Snowflakes and Clay (You found it in the Dungeon)
  7032 | D        | Noticed a green death
  7033 | D        | Noticed a stone giant
  7036 | D        | Killed a green death
  7042 | D        | Killed a sun demon
  7046 | D        | Killed a deep elf blademaster
  7049 | D        | Noticed a blizzard demon
  7052 | D        | Noticed a titan
  7053 | D        | Noticed a Killer Klown
  7053 | D        | Noticed an angel
  7055 | D        | Noticed a deep elf master archer
  7060 | D        | Killed an angel
  7063 | D        | Killed a titan
  7068 | D        | Killed a stone giant
  7126 | D        | Killed a salamander mystic
  7169 | D        | Noticed a deep elf master archer
  7170 | D        | Noticed a merfolk impaler
  7171 | D        | Noticed a deep elf master archer
  7180 | D        | Killed a deep elf master archer
  7180 | D        | Gained mutation: Your thick and shaggy fur keeps you warm. (AC +3, rC+) [Felid growth]
  7180 | D        | Reached XP level 12. HP: 39/60 MP: 7/13
  7182 | D        | Killed a storm dragon
  7203 | D        | Killed a naga warrior
  7230 | D        | Killed a deep elf master archer
  7241 | D        | Killed a naga warrior
  7263 | D        | Noticed a hell beast
  7272 | D        | Noticed a mummy priest
  7272 | D        | Noticed a profane servitor
  7273 | D        | Noticed a purple draconian monk
  7276 | D        | Noticed a two-headed ogre
  7276 | D        | a glowing orange brain changed into a two-headed ogre
  7285 | D        | a two-headed ogre changed into a shock serpent
  7328 | D        | Killed an iron dragon
  7330 | D        | Killed a mummy priest
  7414 | D        | Noticed Mennas
  7457 | D        | Killed an ice dragon
  7560 | D        | Killed a hell beast
  7585 | D        | Killed an ancient lich
  7642 | D        | Killed a deep elf master archer
  7642 | D        | Reached skill level 23 in Unarmed Combat
  7764 | D        | Noticed a fire giant
  7769 | D        | Noticed a red draconian knight
  7772 | D        | Killed a green death
  7819 | D        | Noticed an ogre mage
  7819 | D        | Noticed an ogre mage
  7819 | D        | Noticed a two-headed ogre
  7819 | D        | Noticed an ettin
  7819 | D        | Noticed a titan
  7819 | D        | Noticed a two-headed ogre
  7819 | D        | Noticed a two-headed ogre
  7819 | D        | Noticed a two-headed ogre
  7819 | D        | Noticed a stone giant
  7819 | D        | Noticed an ettin
  7819 | D        | Noticed an ettin
  7819 | D        | Noticed a two-headed ogre
  7819 | D        | Killed an ettin
  7819 | D        | Killed a two-headed ogre
  7820 | D        | Noticed a stone giant
  7821 | D        | Killed a two-headed ogre
  7822 | D        | Killed a two-headed ogre
  7822 | D        | Killed a stone giant
  7823 | D        | Killed an ogre mage
  7825 | D        | Noticed a stone giant
  7825 | D        | Noticed an ettin
  7828 | D        | Killed an ettin
  7831 | D        | Killed a stone giant
  7856 | D        | Killed a fire giant
  7900 | D        | Killed a pearl dragon
  7932 | D        | Got a silver rune of Zot
  8065 | D        | Noticed an Orb Guardian
  8065 | D        | Noticed an Orb Guardian
  8065 | D        | Noticed an Orb Guardian
  8065 | D        | Noticed an Orb Guardian
  8066 | D        | Noticed a purple draconian
  8067 | D        | Noticed Dissolution
  8070 | D        | Your ally died
  8074 | D        | Killed an Orb Guardian
  8076 | D        | Killed an electric golem
  8077 | D        | Noticed an Orb Guardian
  8078 | D        | Killed an Orb Guardian
  8080 | D        | Noticed an Orb Guardian
  8081 | D        | Noticed a lorocyproca
  8082 | D        | Noticed Boris
  8082 | D        | Noticed a balrug
  8082 | D        | Noticed a storm dragon
  8083 | D        | Noticed an electric golem
  8083 | D        | Noticed Baive the pandemonium lord
  8084 | D        | Killed a storm dragon
  8087 | D        | Killed a ghostly storm dragon
  8091 | D        | Noticed a deep elf death mage
  8092 | D        | Killed an Orb Guardian
  8092 | D        | Killed Boris
  8093 | D        | Killed a ghostly Orb Guardian
  8094 | D        | Noticed Xtahua
  8098 | D        | Killed an electric golem
  8174 | D        | Killed an Orb Guardian
  8174 | D        | Killed an Orb Guardian
  8202 | D        | Killed an Orb Guardian
  8207 | D        | Killed an Executioner
  8215 | D        | Killed an electric golem
  8215 | D        | Killed Baive the pandemonium lord
  8223 | D        | Killed a greater mummy
  8229 | D        | Killed an Orb Guardian
  8240 | D        | Killed a purple draconian
  8397 | D        | Noticed a ghost moth
  8397 | D        | Noticed an Orb Guardian
  8398 | D        | Noticed Kuaz the pandemonium lord
  8399 | D        | Noticed a pearl dragon
  8402 | D        | Killed a ghost moth
  8404 | D        | Noticed Frederick
  8409 | D        | Killed Kuaz the pandemonium lord
  8422 | D        | Killed Frederick
  8429 | D        | Noticed an Orb Guardian
  8430 | D        | Noticed an Orb Guardian
  8431 | D        | Noticed an Orb Guardian
  8443 | D        | Killed a lich
  8450 | D        | Noticed a white draconian knight
  8471 | D        | Noticed a Brimstone Fiend
  8472 | D        | Noticed Paush the pandemonium lord
  8482 | D        | Noticed a white draconian monk
  8499 | D        | Noticed a Brimstone Fiend
  8499 | D        | Killed a Brimstone Fiend
  8501 | D        | Noticed an Orb Guardian
  8501 | D        | Noticed an Orb Guardian
  8501 | D        | Noticed a greater mummy
  8502 | D        | Noticed a Brimstone Fiend
  8502 | D        | Noticed an Orb Guardian
  8503 | D        | Noticed Asmodeus
  8503 | D        | Noticed an Orb Guardian
  8503 | D        | Killed an Orb Guardian
  8505 | D        | Noticed Sur Ceupa the pandemonium lord
  8505 | D        | Killed a titan
  8506 | D        | Noticed an electric golem
  8506 | D        | Noticed an electric golem
  8506 | D        | Killed an Orb Guardian
  8507 | D        | Killed an Orb Guardian
  8508 | D        | Killed an Orb Guardian
  8512 | D        | Killed a greater mummy
  8514 | D        | Killed an Orb Guardian
  8518 | D        | Noticed Zehicih the pandemonium lord
  8519 | D        | Noticed an Orb Guardian
  8520 | D        | Noticed an Orb Guardian
  8520 | D        | Killed an Orb Guardian
  8523 | D        | Killed an Orb Guardian
  8525 | D        | Noticed an Orb Guardian
  8525 | D        | Killed an electric golem
  8565 | D        | Killed Sur Ceupa the pandemonium lord
  8565 | D        | Reached skill level 24 in Unarmed Combat
  8565 | D        | Reached XP level 13. HP: 64/64 MP: 14/14
  8585 | D        | Killed an Orb Guardian
  8591 | D        | Your ally Paush died
  8598 | D        | Killed a white draconian knight
  8615 | D        | Killed Asmodeus
  8615 | D        | Reached skill level 25 in Unarmed Combat
  8682 | D        | Killed Xtahua
  8744 | D        | Killed an Orb Guardian
  8878 | D        | Noticed a green draconian annihilator
  8881 | D        | Noticed a titan
  8884 | D        | Noticed an electric golem
  8886 | D        | Killed an electric golem
  8889 | D        | Noticed Zeoluicu the pandemonium lord
  8894 | D        | Killed an Ice Fiend
  8899 | D        | Killed a black draconian
  8910 | D        | Noticed an acid blob
  8912 | D        | Killed an acid blob
  8915 | D        | Noticed a white draconian shifter
  8934 | D        | Noticed an ettin
  8934 | D        | Noticed an ettin
  8934 | D        | Noticed a frost giant
  8934 | D        | Noticed a stone giant
  8934 | D        | Noticed a frost giant
  8934 | D        | Noticed a frost giant
  8934 | D        | Noticed a fire giant
  8934 | D        | Noticed a frost giant
  8934 | D        | Noticed a stone giant
  8934 | D        | Noticed an ettin
  8934 | D        | Noticed an ettin
  8934 | D        | Noticed a titan
  8934 | D        | Noticed a stone giant
  8934 | D        | Noticed a frost giant
  8934 | D        | Noticed a titan
  8934 | D        | Noticed a titan
  8934 | D        | Noticed an ettin
  8934 | D        | Noticed an ettin
  8934 | D        | Noticed a titan
  8934 | D        | Noticed a fire giant
  8934 | D        | Noticed a titan
  8934 | D        | Noticed a titan
  8935 | D        | Noticed a stone giant
  8935 | D        | Noticed a stone giant
  8935 | D        | Noticed an ettin
  8935 | D        | Noticed a fire giant
  8935 | D        | Noticed a frost giant
  8935 | D        | Noticed an ettin
  8935 | D        | Noticed a fire giant
  8935 | D        | Noticed a titan
  8936 | D        | Killed a stone giant
  8936 | D        | Killed from afar by a titan
  8936 | D        | Killed a fire giant
  8937 | D        | Reached XP level 12. HP: -16/61 MP: 0/13
  8937 | D        | Killed a titan
  8937 | D        | Killed a titan
  8938 | D        | Killed a fire giant
  8938 | D        | Killed a stone giant
  8940 | D        | Got an iron rune of Zot
  8940 | D        | Killed a frost giant
  8940 | D        | Killed a frost giant
  8940 | D        | Killed a fire giant
  8941 | D        | Killed a frost giant
  8941 | D        | Killed a titan
  8942 | D        | Killed an ettin
  8943 | D        | Killed a frost giant
  8943 | D        | Killed an ettin
  8944 | D        | Noticed a Tzitzimitl
  8944 | D        | Noticed Pafetohu the pandemonium lord
  8944 | D        | Noticed Murray
  8944 | D        | Killed a titan
  8947 | D        | Noticed Nail the pandemonium lord
  8947 | D        | Killed a stone giant
  8947 | D        | Killed a titan
  8948 | D        | Killed a stone giant
  8952 | D        | Noticed an orb of fire
  8952 | D        | Noticed the 27-headed Lernaean hydra
  8956 | D        | Killed the 27-headed Lernaean hydra
  8956 | D        | Your ally Pafetohu died
  8973 | D        | Killed a green draconian annihilator
  8976 | D        | Killed a white draconian shifter
  8978 | D        | Killed a death knight
  8980 | D        | Killed a quicksilver dragon
  8982 | D        | Killed a balrug
  8984 | D        | Killed a titan
  9007 | D        | Killed a lich
  9016 | D        | Killed Nail the pandemonium lord
  9052 | D        | Killed a Brimstone Fiend
  9052 | D        | Reached XP level 13. HP: 37/65 MP: 14/14
  9075 | D        | Killed Margery
  9080 | D        | Killed Murray
  9080 | D        | Noticed a jiangshi
  9094 | D        | Noticed a Hell Sentinel
  9095 | D        | Noticed a spriggan defender
  9096 | D        | Noticed Antaeus
  9096 | D        | Killed a spriggan defender
  9115 | D        | Noticed an orc warlord
  9126 | D        | Noticed an orb of fire
  9126 | D        | Noticed a purple draconian
  9127 | D        | Noticed Toemonu the pandemonium lord
  9127 | D        | Noticed a purple draconian
  9127 | D        | Noticed Tiamat
  9127 | D        | Noticed a green draconian
  9129 | D        | Noticed an Executioner
  9130 | D        | Noticed a titan
  9130 | D        | Noticed a deep elf blademaster
  9130 | D        | Noticed Yxkaosopp the pandemonium lord
  9130 | D        | Reached skill level 26 in Unarmed Combat
  9131 | D        | Noticed an orb of fire
  9133 | D        | Noticed a lorocyproca
  9134 | D        | Noticed a pearl dragon
  9141 | D        | Slain by an Executioner

Skill      XL: |  1  2  3  4  5  6  7  8  9 10 11 12 13 |
---------------+----------------------------------------+-----
Unarmed Combat | 5 6 8 10 12 13 15 17 19 22 24 26 | 26.0
Fighting       | 4 5 6 7 8 9 11 12 | 12.5
Dodging        | 5 6 8 9 10 12 13 21 22 25 24 | 25.0
Stealth        | 1 3 4 6 9 11 16 23 24 25 | 25.6

Action                   |  1- 3 |  4- 6 |  7- 9 | 10-12 | 13-15 || total
-------------------------+-------+-------+-------+-------+-------++-------
Melee: Unarmed           |    32 |    26 |    73 |   135 |     7 ||   273
       Bite              |     1 |     3 |    14 |    14 |     1 ||    33
       Punch             |       |       |     2 |     8 |     1 ||    11
Invok: Bribe Branch      |       |       |       |    10 |     1 ||    11
  Use: Potion            |     1 |     4 |    11 |    18 |       ||    34
       Scroll            |       |       |       |     3 |       ||     3
 Stab: Distracted        |       |     1 |     2 |     3 |       ||     6
       Sleeping          |       |     1 |     6 |     5 |     2 ||    14
       Invisible         |       |       |     1 |       |       ||     1
  Eat: Meat ration       |       |       |       |     2 |       ||     2
Armor: Skin              |     5 |       |     2 |     9 |     3 ||    19
Dodge: Dodged            |    41 |    14 |    73 |   250 |    29 ||   407
